 Dungeon Crawl Stone Soup version 0.27.1-33-g824d729ab1 (webtiles) character file.

Game seed: 15963935228167546875

35 Sharkman1231 the Slasher (level 3, 0/42 HPs)
             Began as a Demonspawn Gladiator on Dec 26, 2021.
             Succumbed to a kobold's poison
             ... on level 2 of the Dungeon.
             The game lasted 00:00:52 (962 turns).

Sharkman1231 the Slasher (Demonspawn Gladiator)      Turns: 962, Time: 00:00:52

Health: 0/42       AC:  5    Str: 14    XL:     3   Next: 17%
Magic:  3/3        EV: 12    Int:  9    God:
Gold:   95         SH:  0    Dex: 15    Spells: 2/2 levels left

rFire    + . .     SeeInvis .   a - +0 long sword
rCold    + . .     Faith    .   (no shield)
rNeg     . . .     Spirit   .   b - +0 leather armour
rPois    +         Reflect  .   c - +0 helmet
rElec    +         Harm     .   (no cloak)
rCorr    +         Rampage  .   (no gloves)
Will     .....                  g - +0 pair of boots
Stlth    ..........             (no amulet)
HPRegen  0.14/turn              (no ring)
MPRegen  0.08/turn              (no ring)

@: brilliant, berserking, lethally poisoned (0 -> -7), resistant, flying, very
quick
A: powered by death 1
a: no special abilities


You were on level 2 of the Dungeon.
You visited 1 branch of the dungeon, and saw 2 of its levels.

You collected 95 gold pieces.

Inventory:

Hand Weapons
 a - a +0 long sword (weapon)
Missiles
 d - 3 throwing nets (quivered)
 f - 7 silver javelins
Armour
 b - a +0 leather armour (worn)
 c - a +0 helmet (worn)
 g - a +0 pair of boots (worn)
Scrolls
 e - a scroll of identify {unknown}
 i - a scroll of enchant weapon {unknown}
 k - a scroll of noise {unknown}
Potions
 j - a potion of flight


   Skills:
 + Level 2.3 Fighting
 * Level 3.2 Long Blades
 - Level 1.7 Throwing
 + Level 0.9 Armour
 + Level 3.0 Dodging


You had 2 spell levels left.
You didn't know any spells.
Your spell library was empty.

Dungeon Overview and Level Annotations

Branches:
Dungeon (2/15)

Altars:


Innate Abilities, Weirdness & Mutations

You regenerate a little health from kills.


Message History

You barely miss the kobold.
The kobold is heavily wounded.
You feel very sick. The kobold closely misses you.
You riposte.
You closely miss the kobold.
The kobold is heavily wounded.
You miss the kobold.
The kobold is heavily wounded.
You feel sick.
The kobold hits you with a +1 dagger of venom.
You are lethally poisoned!
The kobold hits you but does no damage.
You are too injured to fight recklessly!
You are too injured to fight recklessly!
There is a lethal amount of poison in your body!
There is a lethal amount of poison in your body!
It was a potion of resistance.
You feel protected.
* * * LOW HITPOINT WARNING * * *
You feel very sick. The kobold barely misses you.
It was a potion of flight.
You feel very buoyant.
You fly up into the air.
* * * LOW HITPOINT WARNING * * *
You feel very sick. The kobold barely misses you.
It was a potion of brilliance.
You feel clever all of a sudden.
* * * LOW HITPOINT WARNING * * *
You feel very sick. The kobold closely misses you.
It was a potion of berserk rage.
A red film seems to cover your vision as you go berserk!
You feel yourself moving faster!
You feel mighty!
* * * LOW HITPOINT WARNING * * *
You feel sick. The kobold completely misses you.
Unknown command.
You barely miss the kobold.
The kobold is heavily wounded.
You die...

.### ####†####.##
.<.# #..........#
##.####.########.#
#......# #.#
#...#### #.# #.#.#
#.# #.#.# #.#
..#.# #.# ####.#
#@# #.# #K# #.#
#.# #.# ..# ###


You could see a kobold.

Vanquished Creatures
  A gnoll (D:1)
  3 ball pythons
  2 bats (D:1)
  3 endoplasms
  3 giant cockroaches
  3 hobgoblins (D:1)
  2 kobolds
  A quokka (D:1)
  A frilled lizard (D:1)
  A goblin (D:1)
  4 rats
24 creatures vanquished.

Notes
Turn   | Place    | Note
-------+----------+-------------------------------------------
     0 | D:1      | Sharkman1231 the Demonspawn Gladiator began the quest for
                  | the Orb.
     0 | D:1      | Reached XP level 1. HP: 16/16 MP: 1/1
   245 | D:1      | Gained mutation: You regenerate a little health from kills.
                  | [demonic ancestry]
   245 | D:1      | Reached XP level 2. HP: 22/22 MP: 2/2
   483 | D:1      | Reached XP level 3. HP: 23/28 MP: 3/3
   961 | D:2      | HP: 1/42 [poisoned by a kobold]
   962 | D:2      | Succumbed to a kobold's poison

Illustrated notes

Levels and vault maps discovered:
D:1:      matt_arrival_spirals, layout_rooms
D:2:      layout_loops_ring, minmay_tetromino_t2

Skill      XL: |  1  2  3 |
---------------+----------+-----
Long Blades    | 3 |  3.2
Dodging        | 3 |  3.0
Fighting       | |  2.3
Throwing       | |  1.7
Armour         | |  0.9

Action                   || total
-------------------------++-------
Melee: Long sword        ||    68
  Use: Potion            ||     4
Armor: Leather armour    ||    29
Dodge: Dodged            ||    49
       Rpst.: Long sword ||    12
